 Dungeon Crawl Stone Soup version 0.21-a0-401-g0b6bec4 (webtiles) character file.

25095 sagitran the Carver (level 12, -6/95 HPs)
             Began as a Demonspawn Gladiator on Oct 22, 2017.
             Was a Priest of Jiyva.
             Mangled by a spiny frog (19 damage)
             ... on level 6 of the Lair of Beasts.
             The game lasted 01:56:42 (15283 turns).

sagitran the Carver (Demonspawn Gladiator)         Turns: 15283, Time: 01:56:48

Health: -6/95      AC: 15    Str: 17    XL:     12   Next: 86%
Magic:  17/17      EV: 13    Int: 11    God:    Jiyva [***...]
Gold:   1004       SH:  4    Dex: 16    Spells: 16/18 levels left

rFire    x x .     SeeInvis .   B - +1 short sword (flame)
rCold    + + +     Gourm    .   M - +0 buckler
rNeg     . . .     Faith    +   Y - +2 scale mail {rC+}
rPois    .         Spirit   .   c - +0 helmet
rElec    .         Reflect  .   o - +1 cloak
rCorr    +         Harm     .   e - +2 pair of gloves
MR       .....                  (no boots)
Stlth    +.........             V - amulet of faith
HPRegen  0.25/turn              q - ring of ice
MPRegen  0.15/turn              a - ring of ice

@: no status effects
A: hooves 2, rugged brown scales 1, cold resistance 1, demonic guardian 1,
pseudopods 1
a: Request Jelly, Renounce Religion


You were on level 6 of the Lair of Beasts.
You worshipped Jiyva.
Jiyva was most pleased with you.
You were not hungry.

You visited 3 branches of the dungeon, and saw 15 of its levels.

You collected 1004 gold pieces.

Inventory:

Hand Weapons
 B - a +1 short sword of flaming (weapon)
 G - a +6 demon blade of venom
Missiles
 K - 4 silver tomahawks
 S - 11 javelins (quivered)
Armour
 c - a +0 helmet (worn)
 e - a +2 pair of gloves (worn)
 o - a +1 cloak (worn)
 D - a +2 leather armour of poison resistance
 M - a +0 buckler (worn)
 Y - a +2 scale mail of cold resistance (worn)
Magical Staves
 b - an uncursed staff of wizardry
 v - an uncursed staff of fire
 I - an uncursed staff of power
Jewellery
 a - a ring of ice (right hand)
 q - a ring of ice (left hand)
 V - an amulet of faith (around neck)
Wands
 d - a wand of flame (31/48)
 i - a wand of lightning (3/15)
 m - a wand of polymorph (16/24)
 p - a wand of paralysis (1/24)
 s - a wand of enslavement (10/24)
 z - a wand of digging (16/24)
 L - a wand of digging (12/24)
 O - a wand of paralysis (10/24)
 P - a wand of polymorph (10/24)
 Z - a wand of confusion (32/48)
Scrolls
 h - 5 scrolls of amnesia
 n - 10 scrolls of remove curse
 r - 2 scrolls of immolation
 u - 4 scrolls of teleportation
 w - a scroll of enchant armour {unknown}
 y - a scroll of identify
 A - a scroll of fog
 R - a scroll of fear
 W - 2 scrolls of torment
 X - 2 scrolls of magic mapping
Potions
 g - 2 potions of flight
 t - 2 potions of brilliance
 E - 2 potions of agility
 F - a potion of magic
 H - 3 potions of cancellation
Comestibles
 f - 8 bread rations
 j - 13 fruits
 k - 2 royal jellies
 l - 5 meat rations


   Skills:
 + Level 8.2 Fighting
 + Level 2.4(8.6) Short Blades
 + Level 12.5(12.6) Long Blades
 + Level 5.3 Throwing
 + Level 8.0 Armour
 + Level 6.2 Dodging
 + Level 5.5 Stealth
 + Level 1.4 Shields
 + Level 3.9 Spellcasting
 + Level 3.6 Hexes
 + Level 3.4 Ice Magic
 + Level 0.6 Evocations


You had 16 spell levels left.
You knew the following spells:

 Your Spells              Type           Power        Failure   Level  Hunger
a - Ensorcelled Hibernat  Hex/Ice        ###...       34%         2    ##.....


Dungeon Overview and Level Annotations

Branches:
Dungeon (8/15)             Temple (1/1) D:6            Lair (6/6) D:8
 Shoals (0/4) Lair:4        Snake (0/4) Lair:2        Slime (0/5) Lair:5

Altars:
Ashenzari
Cheibriados
Dithmenos
Elyvilon
Fedhas
Gozag
Hepliaklqana
Kikubaaqudgha
Makhleb
Nemelex Xobeh
Okawaru
Qazlal
Ru
Sif Muna
Trog
Uskayaw
Vehumet
Wu Jian
Xom
Yredelemnul
Zin
The Shining One
Jiyva


Innate Abilities, Weirdness & Mutations

You have hoof-like feet.
You are partially covered in rugged brown scales. (AC +1, +3% HP)
Your flesh is cold resistant. (rC+)
A weak demonic guardian rushes to your aid.
Armour fits poorly on your pseudopods.


Message History

Your iron imp hits the spiny frog!
Okay, then.
You block the spiny frog's attack.
The four-headed hydra completely misses your quasit.
The four-headed hydra closely misses your quasit.
The four-headed hydra misses your quasit.
The four-headed hydra bites your quasit!
Your quasit bites the four-headed hydra.
Your quasit barely misses the four-headed hydra.
Your quasit closely misses the four-headed hydra.
Okay, then.
Okay, then.
As you read the scroll of fog, it crumbles to dust.
The scroll dissolves into smoke.
Your quasit bites the four-headed hydra.
Your quasit claws the four-headed hydra. x2
The four-headed hydra bites your quasit!
Your quasit dies!
The four-headed hydra bites something!
The spiny frog stings you!!
You die...

...§Y§...#.....##........### ##..
P..§§#Yk.#....P##.....#..# ###...
##.....Y.#...########...## ...#..
...## $###...#...##..#.P##......
#... ##P..#.#...#.....###......
.... #..........#......##..P#..
#... ##....5#.###.....##....#..
##.#..D§FJ...#.###.......
####.§§@§.P#### ........
###§§§### ....... ######## ..#...
##### ###..##..#### #... #P..###
#...........### #P.. ##P...#
##............# ##.. #....####
#P..........P.# ##..
#...P...###............# ###...
##....................######.##.J


You could see a four-headed hydra (unaware), a spiny frog and a neutral jelly
(fellow slime).

Vanquished Creatures
  4 hydras
  A catoblepas (Lair:6)
  A lindwurm (Lair:6)
  2 elephants (Lair:6)
  3 black mambas
  12 spiny frogs
  2 komodo dragons
  A rime drake (Lair:1)
  4 hippogriffs
  18 blink frogs
  A wraith (D:7)
  A spriggan (D:7)
  20 yaks
  3 fire bats (Lair:3)
  4 basilisks
  10 water moccasins
  Duvessa (D:7)
  An ice beast (D:7)
  An orc warrior (D:6)
  9 porcupines
  A black bear (Lair:2)
  2 centaurs (D:7)
  An ogre (D:4)
  4 wolves
  9 crocodiles
  A big kobold (D:8)
  8 bullfrogs
  A gnoll sergeant (D:7)
  Dowan (D:7)
  6 scorpions
  5 wights
  4 crimson imps
  3 howler monkeys (D:7)
  A centaur zombie (D:6)
  4 hounds
  2 jellies
  4 orc wizards (D:7)
  3 orc priests
  A centaur skeleton (D:6)
  An iguana (D:6)
  7 worker ants
  A killer bee zombie (D:5)
  A hound zombie (D:6)
  A worker ant zombie (D:5)
  A howler monkey skeleton (D:6)
  6 gnolls
  15 adders
  10 river rats (D:6)
  2 shadow imps
  An adder skeleton (D:4)
  3 worms (D:3)
  2 dart slugs
  3 leopard geckos
  25 orcs
  10 giant cockroaches
  6 goblins
  8 hobgoblins
  8 jackals
  2 quokkas
  2 ball pythons (Lair:2)
  12 bats
  7 frilled lizards
  17 kobolds
  A quokka skeleton (D:4)
  20 rats
  A bush (Lair:6)
  8 fungi (D:5)
341 creatures vanquished.

Vanquished Creatures (collateral kills)
  A black mamba (Lair:2)
  2 spiny frogs
  A rime drake (Lair:6)
  2 blink frogs
  A hippogriff (Lair:6)
  Sigmund (D:2)
  A wyvern (Lair:3)
  4 yaks
  A hungry ghost (D:7)
  A basilisk (Lair:6)
  3 water moccasins
  Menkaure (D:4)
  An ogre (D:5)
  A wolf (Lair:2)
  A howler monkey (D:7)
  A jelly (D:7)
  An orc priest (D:7)
  Ijyb (D:3)
  Terence (D:2)
  A gnoll (D:7)
  An ooze (D:5)
  2 orcs (D:7)
  A hobgoblin (D:2)
  A jackal (D:7)
  A bat (D:5)
  A kobold (D:2)
34 creatures vanquished.

Vanquished Creatures (others)
  5 jellies (Lair:6)
  21 fungi
  6 plants
32 creatures vanquished.

Grand Total: 407 creatures vanquished

Notes
Turn   | Place    | Note
-------+----------+-------------------------------------------
     0 | D:1      | sagitran the Demonspawn Gladiator began the quest for the Orb.
     0 | D:1      | Reached XP level 1. HP: 16/16 MP: 1/1
   223 | D:1      | Gained mutation: A weak demonic guardian rushes to your aid. [demonic ancestry]
   223 | D:1      | Reached XP level 2. HP: 18/22 MP: 2/2
   361 | D:1      | Reached skill level 3 in Long Blades
   817 | D:2      | Noticed Terence
   828 | D:2      | Killed Terence
   828 | D:2      | Reached XP level 3. HP: 9/27 MP: 3/3
  1231 | D:2      | Noticed Sigmund
  1244 | D:2      | Killed Sigmund
  1244 | D:2      | Reached skill level 4 in Long Blades
  1244 | D:2      | Reached skill level 1 in Armour
  1244 | D:2      | Gained mutation: You have large cloven feet. [demonic ancestry]
  1244 | D:2      | Reached XP level 4. HP: 16/34 MP: 4/4
  1244 | D:2      | Reached XP level 5. HP: 18/39 MP: 5/5
  1996 | D:3      | Noticed Ijyb
  2013 | D:3      | Paralysed by Ijyb for 2 turns
  2018 | D:3      | Killed Ijyb
  2495 | D:3      | Learned a level 2 spell: Ensorcelled Hibernation
  2618 | D:3      | Gained mutation: You have hoof-like feet. [demonic ancestry]
  2618 | D:3      | Reached XP level 6. HP: 41/46 MP: 6/6
  3173 | D:4      | Reached skill level 5 in Long Blades
  3282 | D:4      | Noticed Menkaure
  3290 | D:4      | Killed Menkaure
  3290 | D:4      | Reached skill level 1 in Stealth
  3290 | D:4      | Gained mutation: You are partially covered in rugged brown scales. (AC +1, +3% HP) [demonic ancestry]
  3290 | D:4      | Reached XP level 7. HP: 34/53 MP: 7/7
  3591 | D:5      | Entered Level 5 of the Dungeon
  3603 | D:5      | Reached skill level 1 in Spellcasting
  3629 | D:5      | Reached skill level 1 in Hexes
  3776 | D:5      | Reached skill level 1 in Ice Magic
  3788 | D:5      | Reached skill level 6 in Long Blades
  4040 | D:5      | Found a bloodstained altar of Trog.
  4040 | D:5      | Found a sparkling altar of Nemelex Xobeh.
  4109 | D:5      | Reached XP level 8. HP: 36/60 MP: 10/10
  4726 | D:6      | Found a staircase to the Ecumenical Temple.
  4779 | Temple   | Entered the Ecumenical Temple
  5141 | D:6      | Reached skill level 7 in Long Blades
  6093 | D:7      | Reached XP level 9. HP: 50/67 MP: 12/12
  6098 | D:7      | Reached skill level 8 in Long Blades
  6390 | D:7      | Reached skill level 5 in Fighting
  6560 | D:7      | Noticed Duvessa
  6565 | D:7      | Noticed Dowan
  6569 | D:7      | Killed Duvessa
  6580 | D:7      | Killed Dowan
  6694 | D:7      | Reached skill level 9 in Long Blades
  6700 | D:7      | Reached skill level 5 in Dodging
  6833 | D:8      | Found a shimmering altar of Xom.
  7342 | D:8      | Found an ancient bone altar of Kikubaaqudgha.
  7452 | D:8      | Gained mutation: Your flesh is cold resistant. (rC+) [demonic ancestry]
  7452 | D:8      | Reached XP level 10. HP: 65/78 MP: 7/13
  7570 | D:8      | Found a staircase to the Lair.
  7593 | Lair:1   | Entered Level 1 of the Lair of Beasts
  7611 | Lair:1   | Noticed a spiny frog
  7627 | Lair:1   | Noticed a spiny frog
  7638 | Lair:1   | Killed a spiny frog
  7651 | Lair:1   | Killed a spiny frog
  7980 | Lair:1   | Noticed a seven-headed hydra
  7994 | Lair:1   | Killed a seven-headed hydra
  8023 | Lair:1   | Reached skill level 10 in Long Blades
  8880 | Lair:2   | Noticed a black mamba
  8897 | Lair:2   | Killed a black mamba
  8897 | Lair:2   | Reached XP level 11. HP: 23/84 MP: 16/16
  9044 | Lair:2   | Reached skill level 5 in Stealth
  9578 | Lair:2   | Found a staircase to the Snake Pit.
 10552 | Lair:3   | Noticed a seven-headed hydra
 10567 | Lair:3   | Killed a seven-headed hydra
 10567 | Lair:3   | Reached skill level 5 in Armour
 10730 | Lair:3   | Noticed a five-headed hydra
 10740 | Lair:3   | Killed a five-headed hydra
 10995 | Lair:3   | Reached skill level 1 in Short Blades
 11107 | Lair:3   | Noticed a six-headed hydra
 11117 | Lair:3   | Killed a six-headed hydra
 11550 | Lair:4   | Reached skill level 5 in Throwing
 11557 | Lair:4   | Identified a scroll of acquirement
 12118 | Lair:4   | Found a staircase to the Shoals.
 12285 | Lair:4   | Reached XP level 12. HP: 93/93 MP: 17/17
 12790 | Lair:5   | Reached skill level 11 in Long Blades
 12891 | Lair:5   | Found a staircase to the Slime Pits.
 12892 | Lair:5   | Found a viscous altar of Jiyva.
 12934 | Lair:5   | Became a worshipper of Jiyva Jietywna the Shapeless
 13133 | Lair:5   | Reached * piety under Jiyva
 13386 | Lair:6   | Entered Level 6 of the Lair of Beasts
 13517 | Lair:5   | Reached ** piety under Jiyva
 13926 | Lair:6   | Reached skill level 1 in Shields
 14006 | Lair:6   | Noticed a catoblepas
 14013 | Lair:6   | Killed a catoblepas
 14156 | Lair:6   | Reached skill level 12 in Long Blades
 14691 | Lair:6   | Reached *** piety under Jiyva
 14691 | Lair:6   | Gained mutation: Armour fits poorly on your pseudopods. [Jiyva's grace]
 14948 | Lair:6   | Noticed a four-headed hydra
 14948 | Lair:6   | Noticed a death yak
 14948 | Lair:6   | Noticed a death yak
 15283 | Lair:6   | Mangled by a spiny frog

Vault maps used:
D:1:      grunt_arrival_lava_bath, item_on_display_a
D:2:      minmay_rat_gold_closets, uniq_sigmund, uniq_terence
D:3:      first_bread, grunt_decor_resistance, minmay_quantized, uniq_ijyb
D:4:      hangedman_abyss_or_decor_jellyfish_corner, uniq_menkaure
D:5:      old_forge, amethyst_overflow_temple_binary, hex_tiny
D:6:      minmay_temple_entry_overgrown, kennysheep_minor_cross,
          dk_rats_in_the_wall
D:7:      the_bakery, uniq_duvessa
D:8:      lair_entry_dummy, basic_altar, xom_teletrap_fun
Temple:   regret_index_temple_chain_breaker
Lair:2:   minmay_snake_entry_six_corridors, st_stairs_6, lemuel_fruit_tree
Lair:4:   elwin_shoals_entry_rocks
Lair:5:   slime_altar_1
Lair:6:   hangedman_lair_in_review, serial_bayou_shore_b

Skill      XL: |  1  2  3  4  5  6  7  8  9 10 11 12 |
---------------+-------------------------------------+-----
Dodging        | 3 4 5 6 |  6.2
Long Blades    | 3 4 5 6 7 9 10 12 | 12.5
Throwing       | 2 3 5 |  5.3
Armour         | 1 2 3 4 6 8 |  8.0
Fighting       | 3 4 5 6 7 8 |  8.2
Stealth        | 1 2 3 4 5 |  5.5
Spellcasting   | 1 2 3 |  3.9
Hexes          | 1 2 3 |  3.6
Ice Magic      | 1 3 |  3.4
Short Blades   | 2 |  2.4
Shields        | 1 |  1.4
Evocations     | |  0.6

Action                   |  1- 3 |  4- 6 |  7- 9 | 10-12 || total
-------------------------+-------+-------+-------+-------++-------
Melee: Long sword        |   108 |    81 |       |       ||   189
       Kick              |       |    41 |   141 |   224 ||   406
       Great sword       |       |    33 |   321 |       ||   354
       Staff             |       |       |     5 |       ||     5
       Falchion          |       |       |    43 |   266 ||   309
       Short sword       |       |       |       |    47 ||    47
       Demon blade       |       |       |       |   223 ||   223
       Pseudopods        |       |       |       |     5 ||     5
Throw: Throwing net      |     3 |     1 |     1 |    14 ||    19
       Tomahawk          |       |       |     3 |    39 ||    42
       Javelin           |       |       |       |    19 ||    19
 Cast: Ensorcelled Hiber |       |     4 |    24 |     9 ||    37
Invok: Request Jelly     |       |       |       |     1 ||     1
Evoke: Wand              |       |     2 |       |     7 ||     9
  Use: Scroll            |       |     6 |     9 |    23 ||    38
       Potion            |       |       |     5 |    11 ||    16
 Stab: Held in net/web   |     1 |       |     1 |     5 ||     7
       Sleeping          |       |     2 |     5 |     4 ||    11
       Distracted        |       |       |     4 |     5 ||     9
  Eat: Chunk             |     1 |     5 |    12 |     7 ||    25
       Fruit             |       |     1 |       |       ||     1
       Bread ration      |       |     1 |       |     1 ||     2
       Royal jelly       |       |       |     1 |     4 ||     5
       Meat ration       |       |       |       |     1 ||     1
Armor: Leather armour    |    44 |    16 |   110 |    19 ||   189
       Ring mail         |       |    29 |       |       ||    29
       Scale mail        |       |       |       |   133 ||   133
Dodge: Dodged            |    96 |    97 |   278 |   292 ||   763
Block: Buckler           |       |       |       |    40 ||    40
       Rpst.: Long sword |    29 |    25 |       |       ||    54
       Great sword       |       |    11 |    77 |       ||    88
       Falchion          |       |       |     5 |    55 ||    60
       Demon blade       |       |       |       |    31 ||    31

Table legend:
 A = Spawn XP
 B = Non-spawn XP
 C = Spawn XP percentage of total XP
 D = Spawn monster count
 E = Non-spawn monster count
 F = Spawn count percentage of total count
 G = Total turns spent on level
                    A         B        C        D         E        F      G
               +---------+---------+-------+---------+---------+-------+---------
         Total |       0 |   35850 |   0.0 |       0 |     366 |   0.0 | 15283
               +---------+---------+-------+---------+---------+-------+---------
           D:1 |       0 |      34 |   0.0 |       0 |      21 |   0.0 |   596
           D:2 |       0 |     232 |   0.0 |       0 |      26 |   0.0 |  1400
           D:3 |       0 |     123 |   0.0 |       0 |      26 |   0.0 |   765
           D:4 |       0 |     515 |   0.0 |       0 |      20 |   0.0 |   830
           D:5 |       0 |     706 |   0.0 |       0 |      30 |   0.0 |  1047
           D:6 |       0 |     728 |   0.0 |       0 |      38 |   0.0 |  1074
           D:7 |       0 |    2176 |   0.0 |       0 |      55 |   0.0 |   914
           D:8 |       0 |    1163 |   0.0 |       0 |      17 |   0.0 |   828
        Lair:1 |       0 |    4751 |   0.0 |       0 |      20 |   0.0 |  1068
        Lair:2 |       0 |    4685 |   0.0 |       0 |      34 |   0.0 |  1799
        Lair:3 |       0 |    4330 |   0.0 |       0 |      14 |   0.0 |  1133
        Lair:4 |       0 |    2483 |   0.0 |       0 |      11 |   0.0 |   954
        Lair:5 |       0 |    5112 |   0.0 |       0 |      22 |   0.0 |  1554
        Lair:6 |       0 |    8812 |   0.0 |       0 |      32 |   0.0 |  1182
               +---------+---------+-------+---------+---------+-------+---------
